FLORIDA Panthers vs ARIZONA Coyotes

Created - 3 mars 2024 at 14:48

Goals
1 2 3 T
FLORIDA Panthers 0 1 1 2
ARIZONA Coyotes 0 1 3 4
Shots
1 2 3 T
FLORIDA Panthers 7 8 9 24
ARIZONA Coyotes 10 7 14 31

1st period

No Goal

Penalties :
Ryan McDonagh (FLO) for Interference (Minor) at 7:47, Vincent Trocheck (FLO) for Elbowing (Minor) at 9:16, Alec Martinez (ARI) for Interference (Minor) at 17:19

2nd period

1. FLORIDA Panthers , Vincent Trocheck 7 (Brandon Saad 7, Ryan McDonagh 17) at 11:39
2. ARIZONA Coyotes , Auston Matthews 19 (Artemi Panarin 25, Vladislav Gavrikov 12) at 14:54

Penalties :
Yegor Sharangovich (FLO) for Interference (Minor) at 11:44

3rd period

3. ARIZONA Coyotes , Frederick Gaudreau 5 (Rickard Rakell 22) at 4:18 (SH)
4. FLORIDA Panthers , Eetu Luostarinen 10 (Matt Irwin 1) at 5:15
5. ARIZONA Coyotes , Jonas Siegenthaler 2 (Artemi Panarin 26, Auston Matthews 31) at 5:25
6. ARIZONA Coyotes , Michael Bunting 6 (Auston Matthews 32, Andrei Vasilevskiy) at 13:09 (PP)

Penalties :
Brock Nelson (FLO) for Tripping (Minor) at 0:46, Jonas Siegenthaler (ARI) for Tripping (Minor) at 3:04, Matthew Tkachuk (FLO) for Roughing (Minor) at 5:39, Auston Matthews (ARI) for Slashing (Minor) at 8:49, Ryan McDonagh (FLO) for High sticking (Minor) at 12:39, Jonas Siegenthaler (ARI) for Delaying the game (Minor) at 15:53

Goalie Stats

Darcy Kuemper (FLO), 27 saves from 31 shots - (0,871), L, 19-13-5, 60:00 minutes
Andrei Vasilevskiy (ARI), 22 saves from 24 shots - (0,917), W, 27-7-2, 60:00 minutes

Players Stats for FLORIDA Panthers

Player Name              G  A  P  +/- PIM S  H  SB GA TA FO     MP     PP MP  PK MP  
------------------------------------------------------------------------------------
Adam Henrique            0  0  0  -1  0   3  2  0  0  0  13/21  12:01   0:00   2:13 
Brady Skjei              0  0  0  -1  0   2  1  1  0  0  0/0    24:59   3:24   4:54 
Brandon Saad             0  1  1   0  0   1  0  0  0  0  0/0    13:38   2:55   0:00 
Brock Nelson             0  0  0  -1  2   2  1  0  0  0  0/2    21:49   2:55   4:49 
Carter Verhaeghe         0  0  0   1  0   2  0  0  0  0  1/1    15:44   5:01   0:00 
Connor Murphy            0  0  0   0  0   3  3  0  0  0  0/0    16:33   0:50   5:17 
Derek Grant              0  0  0   0  0   0  0  0  0  0  5/7     7:32   0:00   0:00 
Dougie Hamilton          0  0  0   0  0   1  2  1  0  0  0/0    19:10   4:32   1:25 
Eetu Luostarinen         1  0  1  -1  0   1  0  1  0  0  1/2    14:21   0:00   4:33 
Jordan Martinook         0  0  0   0  0   0  0  0  0  0  0/1     8:52   0:00   1:20 
Josh Morrissey           0  0  0  -2  0   0  0  1  0  0  0/0    26:27   3:42   4:15 
Matt Irwin               0  1  1   0  0   0  0  1  0  0  0/0    10:26   0:00   0:00 
Matthew Tkachuk          0  0  0   0  2   4  2  0  0  0  0/2    19:06   5:01   0:00 
Ryan McDonagh            0  1  1   1  4   1  3  1  0  0  0/0    22:23   3:24   3:59 
Ryan McLeod              0  0  0   0  0   1  0  0  0  0  0/0     7:32   0:00   0:00 
Steven Stamkos           0  0  0   0  0   2  3  0  0  0  10/24  20:05   5:01   0:58 
Vincent Trocheck         1  0  1   0  2   1  1  1  0  0  9/20   19:04   2:55   5:26 
Yegor Sharangovich       0  0  0  -1  2   0  0  0  0  0  0/0     9:47   0:00   0:00 

Players Stats for ARIZONA Coyotes

Player Name              G  A  P  +/- PIM S  H  SB GA TA FO     MP     PP MP  PK MP  
------------------------------------------------------------------------------------
Alec Martinez            0  0  0   1  2   0  1  1  0  0  0/0    18:22   0:00   3:54 
Artemi Panarin           0  2  2   0  0   2  5  0  0  0  0/1    22:30   5:39   0:00 
Auston Matthews          1  2  3   0  2   5  2  0  0  0  17/30  23:11   5:39   0:42 
Brandon Sutter           0  0  0   0  0   0  0  0  0  0  7/13   10:51   0:00   6:03 
Frederick Gaudreau       1  0  1   1  0   3  0  0  0  0  6/12   10:00   0:00   2:34 
Jonas Siegenthaler       1  0  1   0  4   1  1  3  0  0  0/0    15:18   0:00   0:51 
Mark Scheifele           0  0  0   0  0   1  1  0  0  0  7/13   18:43   5:39   0:00 
Michael Bunting          1  0  1   0  0   5  1  0  0  0  0/0    12:09   4:43   0:00 
Mikey Anderson           0  0  0  -1  0   0  2  0  0  0  0/0    10:42   0:00   0:14 
Morgan Frost             0  0  0   0  0   0  0  0  0  0  0/0     4:48   0:00   0:00 
Pierre-Edouard Bellemare 0  0  0   0  0   1  1  0  0  0  0/0     5:04   0:00   0:16 
Rickard Rakell           0  1  1   1  0   2  0  1  0  0  0/1    18:19   4:16   0:59 
Roman Josi               0  0  0   1  0   1  0  0  0  0  0/0    23:59   5:12   1:35 
Ryan Hartman             0  0  0   0  0   3  3  0  0  0  1/2    11:42   4:16   0:00 
Ryan Nugent-Hopkins      0  0  0   0  0   3  0  0  0  0  0/1    23:34   5:12   5:18 
Sam Reinhart             0  0  0   0  0   3  2  0  0  0  3/7    21:07   4:16   0:00 
Scott Mayfield           0  0  0   0  0   0  1  1  0  0  0/0    19:10   4:43   3:55 
Vladislav Gavrikov       0  1  1   1  0   1  2  1  0  0  0/0    22:31   0:00   5:23 

3 Stars

1 - Auston Matthews (ARI)
2 - Artemi Panarin (ARI)
3 - Frederick Gaudreau (ARI)

Power Play

FLORIDA Panthers - 0 on 4 Attempt(s) - 0,00%
ARIZONA Coyotes - 1 on 6 Attempt(s) - 16,67%

Penalty Kill

FLORIDA Panthers - 5 on 6 Attempt(s) - 83,33% - Score 0 goal in Penalty Kill
ARIZONA Coyotes - 4 on 4 Attempt(s) - 100,00% - Score 1 goal in Penalty Kill

Team Stat

FLORIDA Panthers - Hits : 18 - Faceoff Wins : 39 - Blocked Shots : 7 - Penalty Minutes : 12
ARIZONA Coyotes - Hits : 22 - Faceoff Wins : 41 - Blocked Shots : 7 - Penalty Minutes : 8

Official

Referees : Kendrick Nicholson and Jacob Brenk
Linesman : Nikoleta Celarova and Greg Devorski

Game Notes

No Game Note

Finance

Level 1 -- Attendance: 6187 (88,39%) -- Ticket Income $581,578
Level 2 -- Attendance: 5053 (84,22%) -- Ticket Income $272,862
Level 3 -- Attendance: 2544 (63,60%) -- Ticket Income $61,056
Level 4 -- Attendance: 4752 (79,20%) -- Ticket Income $66,528
Luxury Box -- Attendance: 1000 (100,00%) -- Ticket Income $154,000
Game was played at the Gila River Arena.
Total Attendance: 19536 (81,40%)
Total Ticket Income: $1,136,024
Other Income: $284,006
Total Income: $1,420,030

FLORIDA Panthers

5 vs 5 Forward 
   Center                   Left Wing                Right Wing               Time % Phy DF OF 
 1 Steven Stamkos           Brock Nelson             Matthew Tkachuk          40     1   2  2  
 2 Vincent Trocheck         Carter Verhaeghe         Brandon Saad             30     1   2  2  
 3 Adam Henrique            Eetu Luostarinen         Yegor Sharangovich       20     1   2  2  
 4 Derek Grant              Ryan McLeod              Jordan Martinook         10     1   2  2  

5 vs 5 Defense 
   Defense                  Defense                                           Time % Phy DF OF 
 1 Josh Morrissey           Brady Skjei                                       40     1   2  2  
 2 Dougie Hamilton          Ryan McDonagh                                     30     1   2  2  
 3 Connor Murphy            Matt Irwin                                        20     1   2  2  
 4 Josh Morrissey           Ryan McDonagh                                     10     1   2  2  

PowerPlay Forward 
   Center                   Left Wing                Right Wing               Time % Phy DF OF 
 1 Steven Stamkos           Carter Verhaeghe         Matthew Tkachuk          60     1   1  3  
 2 Vincent Trocheck         Brock Nelson             Brandon Saad             40     1   1  3  

PowerPlay Defense
   Defense                  Defense                                           Time % Phy DF OF 
 1 Josh Morrissey           Dougie Hamilton                                   60     1   1  3  
 2 Brady Skjei              Ryan McDonagh                                     40     1   1  3  

Penalty Kill 4 Players Forward 
   Center                   Wing                     Time % Phy DF OF 
 1 Vincent Trocheck         Brock Nelson             60     1   3  1  
 2 Adam Henrique            Eetu Luostarinen         40     1   4  0  

Penalty Kill 4 Players Defense
   Defense                  Defense                  Time % Phy DF OF 
 1 Ryan McDonagh            Brady Skjei              60     1   3  1  
 2 Connor Murphy            Josh Morrissey           40     1   3  1  

Penalty Kill - 3 Players Forward 
   Forward                                           Time % Phy DF OF 
 1 Eetu Luostarinen                                  60     0   5  0  
 2 Vincent Trocheck                                  40     0   5  0  

Penalty Kill - 3 Players Defense
   Defense                  Defense                  Time % Phy DF OF 
 1 Connor Murphy            Ryan McDonagh            60     1   4  0  
 2 Brady Skjei              Josh Morrissey           40     1   4  0  

4 vs 4 Forward 
   Center                   Wing                     Time % Phy DF OF 
 1 Steven Stamkos           Matthew Tkachuk          60     1   2  2  
 2 Vincent Trocheck         Brock Nelson             40     1   2  2  

4 vs 4 Defense
   Defense                  Defense                  Time % Phy DF OF 
 1 Josh Morrissey           Ryan McDonagh            60     1   2  2  
 2 Brady Skjei              Dougie Hamilton          40     1   2  2  

Last Minutes Offensive
   Center                   Left Wing                Right Wing               Defense                  Defense                  
   Steven Stamkos           Carter Verhaeghe         Matthew Tkachuk          Josh Morrissey           Dougie Hamilton          

Last Minutes Defensive
   Center                   Left Wing                Right Wing               Defense                  Defense                  
   Vincent Trocheck         Brock Nelson             Brandon Saad             Ryan McDonagh            Brady Skjei              

Goaltenders
Starting : Darcy Kuemper            
Backup : Cayden Primeau           

Extra Forwards
Normal : Matthew Tkachuk, Steven Stamkos, Eetu Luostarinen - PP : Yegor Sharangovich, Adam Henrique - PK : Eetu Luostarinen
Extra Defensemen
Normal : Connor Murphy, Dougie Hamilton, Brady Skjei - PP : Dougie Hamilton - PK : Ryan McDonagh, Brady Skjei
Penalty Shots
Steven Stamkos, Matthew Tkachuk, Brock Nelson, Vincent Trocheck, Carter Verhaeghe

Scratches
None

ARIZONA Coyotes

5 vs 5 Forward 
   Center                   Left Wing                Right Wing               Time % Phy DF OF 
 1 Auston Matthews          Artemi Panarin           Sam Reinhart             52     1   1  3  
 2 Mark Scheifele           Ryan Nugent-Hopkins      Rickard Rakell           40     1   1  3  
 3 Frederick Gaudreau       Michael Bunting          Ryan Hartman             8      1   2  2  
 4 Brandon Sutter           Morgan Frost             Pierre-Edouard Bellemare 0      1   3  1  

5 vs 5 Defense 
   Defense                  Defense                                           Time % Phy DF OF 
 1 Roman Josi               Vladislav Gavrikov                                50     1   2  2  
 2 Alec Martinez            Jonas Siegenthaler                                30     1   2  2  
 3 Scott Mayfield           Mikey Anderson                                    20     1   2  2  
 4 Roman Josi               Scott Mayfield                                    0      1   2  2  

PowerPlay Forward 
   Center                   Left Wing                Right Wing               Time % Phy DF OF 
 1 Auston Matthews          Mark Scheifele           Artemi Panarin           80     0   1  4  
 2 Sam Reinhart             Rickard Rakell           Ryan Hartman             20     1   1  3  

PowerPlay Defense
   Defense                  Defense                                           Time % Phy DF OF 
 1 Roman Josi               Ryan Nugent-Hopkins                               80     0   2  3  
 2 Scott Mayfield           Michael Bunting                                   20     1   2  2  

Penalty Kill 4 Players Forward 
   Center                   Wing                     Time % Phy DF OF 
 1 Brandon Sutter           Ryan Nugent-Hopkins      70     1   3  1  
 2 Frederick Gaudreau       Pierre-Edouard Bellemare 30     1   4  0  

Penalty Kill 4 Players Defense
   Defense                  Defense                  Time % Phy DF OF 
 1 Vladislav Gavrikov       Alec Martinez            69     1   3  1  
 2 Scott Mayfield           Jonas Siegenthaler       31     2   3  0  

Penalty Kill - 3 Players Forward 
   Forward                                           Time % Phy DF OF 
 1 Brandon Sutter                                    60     1   4  0  
 2 Frederick Gaudreau                                40     1   3  1  

Penalty Kill - 3 Players Defense
   Defense                  Defense                  Time % Phy DF OF 
 1 Scott Mayfield           Alec Martinez            60     2   3  0  
 2 Scott Mayfield           Jonas Siegenthaler       40     2   3  0  

4 vs 4 Forward 
   Center                   Wing                     Time % Phy DF OF 
 1 Auston Matthews          Artemi Panarin           60     1   2  2  
 2 Mark Scheifele           Ryan Nugent-Hopkins      40     1   2  2  

4 vs 4 Defense
   Defense                  Defense                  Time % Phy DF OF 
 1 Roman Josi               Scott Mayfield           60     1   2  2  
 2 Alec Martinez            Jonas Siegenthaler       40     1   2  2  

Last Minutes Offensive
   Center                   Left Wing                Right Wing               Defense                  Defense                  
   Auston Matthews          Artemi Panarin           Sam Reinhart             Roman Josi               Ryan Nugent-Hopkins      

Last Minutes Defensive
   Center                   Left Wing                Right Wing               Defense                  Defense                  
   Brandon Sutter           Frederick Gaudreau       Pierre-Edouard Bellemare Vladislav Gavrikov       Alec Martinez            

Goaltenders
Starting : Andrei Vasilevskiy       
Backup : Kevin Lankinen           

Extra Forwards
Normal : Michael Bunting, Artemi Panarin, Frederick Gaudreau - PP : Michael Bunting, Artemi Panarin - PK : Frederick Gaudreau
Extra Defensemen
Normal : Mikey Anderson, Vladislav Gavrikov, Alec Martinez - PP : Mikey Anderson - PK : Vladislav Gavrikov, Alec Martinez
Penalty Shots
Auston Matthews, Ryan Nugent-Hopkins, Mark Scheifele, Sam Reinhart, Rickard Rakell

Scratches
Nick Bonino (Healthy)

% Time on Ice - FLORIDA Panthers

Lines # - Real PCT - Wanted PCT - Time Play
Normal Forward
1 - 33% - 40% - 14:06
2 - 25% - 30% - 10:43
3 - 23% - 20% - 9:48
4 - 18% - 10% - 7:32
Normal Defense
1 - 40% - 40% - 16:41
2 - 31% - 30% - 13:13
3 - 25% - 20% - 10:26
4 - 4% - 10% - 1:49
PP Forward
1 - 63% - 60% - 5:01
2 - 37% - 40% - 2:55
PP Defense
1 - 57% - 60% - 4:32
2 - 43% - 40% - 3:24
PK Forward
1 - 76% - 60% - 7:12
2 - 24% - 40% - 2:13
PK Defense
1 - 58% - 60% - 5:27
2 - 42% - 40% - 3:58
PK3 Forward
1 - 100% - 60% - 0:30
2 - 0% - 40% - 0:00
PK3 Defense
1 - 100% - 60% - 0:30
2 - 0% - 40% - 0:00
44 Forward
1 - 0% - 60%
2 - 0% - 40%
44 Defense
1 - 0% - 60%
2 - 0% - 40%
Last Minute Offensive  - 0:00
Last Minute Defensive  - 0:00
Total
Forward - 60:00
Defense - 60:00

% Time on Ice - ARIZONA Coyotes

Lines # - Real PCT - Wanted PCT - Time Play
Normal Forward
1 - 40% - 52% - 16:51
2 - 31% - 40% - 13:04
3 - 18% - 8% - 7:26
4 - 11% - 0% - 4:48
Normal Defense
1 - 41% - 50% - 17:08
2 - 34% - 30% - 14:29
3 - 25% - 20% - 10:28
4 - 0% - 0% - 0:04
PP Forward
1 - 57% - 80% - 5:39
2 - 43% - 20% - 4:16
PP Defense
1 - 52% - 80% - 5:12
2 - 48% - 20% - 4:43
PK Forward
1 - 97% - 70% - 7:40
2 - 3% - 30% - 0:16
PK Defense
1 - 58% - 69% - 4:34
2 - 42% - 31% - 3:22
PK3 Forward
1 - 0% - 60%
2 - 0% - 40%
PK3 Defense
1 - 0% - 60%
2 - 0% - 40%
44 Forward
1 - 0% - 60%
2 - 0% - 40%
44 Defense
1 - 0% - 60%
2 - 0% - 40%
Last Minute Offensive  - 0:00
Last Minute Defensive  - 0:00
Total
Forward - 60:00
Defense - 60:00

Play-by-Play

1st period


0:01 of 1st period - Auston Matthews wins face-off versus Steven Stamkos in neutral zone.
1:00 of 1st period - Shot by Ryan Nugent-Hopkins.
1:00 of 1st period - Shot Misses the Net.
2:11 of 1st period - Off-side.
2:12 of 1st period - Adam Henrique wins face-off versus Auston Matthews in neutral zone.
2:51 of 1st period - Shot by Auston Matthews.
2:51 of 1st period - Stopped by Darcy Kuemper without a rebound.
2:52 of 1st period - Frederick Gaudreau wins face-off versus Derek Grant in FLORIDA Panthers zone.
3:56 of 1st period - Shot by Connor Murphy.
3:56 of 1st period - Stopped by Andrei Vasilevskiy without a rebound.
3:57 of 1st period - Steven Stamkos wins face-off versus Auston Matthews in ARIZONA Coyotes zone.
4:00 of 1st period - Shot by Matthew Tkachuk.
4:00 of 1st period - Stopped by Andrei Vasilevskiy without a rebound.
4:01 of 1st period - Auston Matthews wins face-off versus Steven Stamkos in ARIZONA Coyotes zone.
4:14 of 1st period - Shot by Artemi Panarin.
4:14 of 1st period - Stopped by Darcy Kuemper without a rebound.
4:15 of 1st period - Adam Henrique wins face-off versus Mark Scheifele in FLORIDA Panthers zone.
4:28 of 1st period - Shot by Adam Henrique.
4:28 of 1st period - Shot Blocked by Jonas Siegenthaler.
4:35 of 1st period - Icing by Josh Morrissey.
4:36 of 1st period - Adam Henrique wins face-off versus Auston Matthews in FLORIDA Panthers zone.
5:49 of 1st period - Shot by Brock Nelson.
5:49 of 1st period - Stopped by Andrei Vasilevskiy with a rebound.
5:53 of 1st period - Shot by Steven Stamkos.
5:53 of 1st period - Shot Misses the Net.
6:27 of 1st period - Pierre-Edouard Bellemare is hit by Vincent Trocheck.
7:18 of 1st period - Shot by Artemi Panarin.
7:18 of 1st period - Shot Misses the Net.
7:40 of 1st period - Shot by Sam Reinhart.
7:40 of 1st period - Stopped by Darcy Kuemper without a rebound.
7:41 of 1st period - Frederick Gaudreau wins face-off versus Adam Henrique in FLORIDA Panthers zone.
7:47 of 1st period - Minor Penalty to Ryan McDonagh for Interference.
7:48 of 1st period - Vincent Trocheck wins face-off versus Mark Scheifele in FLORIDA Panthers zone.
8:24 of 1st period - Shot by Auston Matthews.
8:24 of 1st period - Stopped by Darcy Kuemper without a rebound.
8:25 of 1st period - Ryan Hartman wins face-off versus Vincent Trocheck in FLORIDA Panthers zone.
8:38 of 1st period - Shot by Michael Bunting.
8:38 of 1st period - Stopped by Darcy Kuemper without a rebound.
8:39 of 1st period - Vincent Trocheck wins face-off versus Rickard Rakell in FLORIDA Panthers zone.
8:39 of 1st period - Vincent Trocheck is hit by Ryan Hartman.
9:16 of 1st period - Minor Penalty to Vincent Trocheck for Elbowing.
9:17 of 1st period - Auston Matthews wins face-off versus Eetu Luostarinen in FLORIDA Panthers zone.
9:30 of 1st period - Shot by Auston Matthews.
9:30 of 1st period - Shot Misses the Net.
9:32 of 1st period - Shot by Scott Mayfield.
9:32 of 1st period - Shot Misses the Net.
10:00 of 1st period - Brock Nelson is hit by Auston Matthews and loses puck.
11:42 of 1st period - Shot by Brandon Saad.
11:42 of 1st period - Shot Misses the Net.
11:54 of 1st period - Matt Irwin is hit by Pierre-Edouard Bellemare and loses puck.
12:17 of 1st period - Shot by Roman Josi.
12:17 of 1st period - Stopped by Darcy Kuemper without a rebound.
12:18 of 1st period - Mark Scheifele wins face-off versus Derek Grant in FLORIDA Panthers zone.
12:46 of 1st period - Shot by Mark Scheifele.
12:46 of 1st period - Shot Misses the Net.
12:48 of 1st period - Shot by Rickard Rakell.
12:48 of 1st period - Stopped by Darcy Kuemper without a rebound.
12:49 of 1st period - Auston Matthews wins face-off versus Steven Stamkos in FLORIDA Panthers zone.
13:01 of 1st period - Shot by Sam Reinhart.
13:01 of 1st period - Stopped by Darcy Kuemper without a rebound.
13:02 of 1st period - Adam Henrique wins face-off versus Ryan Hartman in FLORIDA Panthers zone.
13:17 of 1st period - Shot by Frederick Gaudreau.
13:17 of 1st period - Stopped by Darcy Kuemper with a rebound.
13:19 of 1st period - Shot by Ryan Hartman.
13:19 of 1st period - Shot Misses the Net.
13:21 of 1st period - Shot by Frederick Gaudreau.
13:21 of 1st period - Shot Blocked by Ryan McDonagh.
13:23 of 1st period - Shot by Michael Bunting.
13:23 of 1st period - Stopped by Darcy Kuemper without a rebound.
13:24 of 1st period - Auston Matthews wins face-off versus Steven Stamkos in FLORIDA Panthers zone.
14:09 of 1st period - Shot by Steven Stamkos.
14:09 of 1st period - Deflect By Matthew Tkachuk.
14:09 of 1st period - Stopped by Andrei Vasilevskiy without a rebound.
14:10 of 1st period - Mark Scheifele wins face-off versus Vincent Trocheck in ARIZONA Coyotes zone.
14:21 of 1st period - Shot by Carter Verhaeghe.
14:21 of 1st period - Shot Misses the Net.
14:29 of 1st period - Shot by Vincent Trocheck.
14:29 of 1st period - Deflect By Brandon Saad.
14:29 of 1st period - Shot Misses the Net.
15:39 of 1st period - Adam Henrique is hit by Ryan Hartman and loses puck.
16:01 of 1st period - Off-side.
16:02 of 1st period - Sam Reinhart wins face-off versus Steven Stamkos in neutral zone.
16:10 of 1st period - Steven Stamkos is hit by Artemi Panarin.
16:22 of 1st period - Shot by Steven Stamkos.
16:22 of 1st period - Stopped by Andrei Vasilevskiy without a rebound.
16:23 of 1st period - Derek Grant wins face-off versus Mark Scheifele in ARIZONA Coyotes zone.
17:19 of 1st period - Minor Penalty to Alec Martinez for Interference.
17:20 of 1st period - Carter Verhaeghe wins face-off versus Brandon Sutter in ARIZONA Coyotes zone.
17:29 of 1st period - Shot by Dougie Hamilton.
17:29 of 1st period - Shot Blocked by Jonas Siegenthaler.
18:16 of 1st period - Icing by Ryan McDonagh.
18:17 of 1st period - Auston Matthews wins face-off versus Vincent Trocheck in FLORIDA Panthers zone.
18:33 of 1st period - Shot by Brock Nelson.
18:33 of 1st period - Shot Hit the Post.
18:35 of 1st period - Shot by Brandon Saad.
18:35 of 1st period - Shot Hit the Post.
18:41 of 1st period - Shot by Brandon Saad.
18:41 of 1st period - Stopped by Andrei Vasilevskiy without a rebound.
18:42 of 1st period - Brandon Sutter wins face-off versus Steven Stamkos in ARIZONA Coyotes zone.
19:41 of 1st period - Shot by Jordan Martinook.
19:41 of 1st period - Shot Misses the Net.
19:43 of 1st period - Shot by Derek Grant.
19:43 of 1st period - Deflect By Ryan McLeod.
19:43 of 1st period - Stopped by Andrei Vasilevskiy without a rebound.
19:44 of 1st period - Adam Henrique wins face-off versus Mark Scheifele in ARIZONA Coyotes zone.
19:44 of 1st period - Adam Henrique is hit by Mikey Anderson.
Goals for this period are 0 for FLORIDA Panthers vs 0 for ARIZONA Coyotes.
Shots for this period are 7 for FLORIDA Panthers vs 10 for ARIZONA Coyotes.

2nd period


0:01 of 2nd period - Auston Matthews wins face-off versus Steven Stamkos in neutral zone.
0:03 of 2nd period - Roman Josi is hit by Steven Stamkos and loses puck.
0:07 of 2nd period - Roman Josi is hit by Dougie Hamilton and loses puck.
0:18 of 2nd period - Shot by Roman Josi.
0:18 of 2nd period - Shot Misses the Net.
0:20 of 2nd period - Shot by Auston Matthews.
0:20 of 2nd period - Shot Misses the Net.
0:39 of 2nd period - Shot by Sam Reinhart.
0:39 of 2nd period - Shot Misses the Net.
0:59 of 2nd period - Shot by Ryan Nugent-Hopkins.
0:59 of 2nd period - Stopped by Darcy Kuemper with a rebound.
1:44 of 2nd period - Off-side.
1:45 of 2nd period - Adam Henrique wins face-off versus Frederick Gaudreau in neutral zone.
1:47 of 2nd period - Off-side.
1:48 of 2nd period - Auston Matthews wins face-off versus Adam Henrique in neutral zone.
2:06 of 2nd period - Eetu Luostarinen is hit by Artemi Panarin and loses puck.
2:29 of 2nd period - Eetu Luostarinen is hit by Artemi Panarin and loses puck.
3:43 of 2nd period - Off-side.
3:44 of 2nd period - Frederick Gaudreau wins face-off versus Jordan Martinook in neutral zone.
3:46 of 2nd period - Michael Bunting is hit by Ryan McDonagh.
3:52 of 2nd period - Shot by Jordan Martinook.
3:52 of 2nd period - Shot Misses the Net.
4:10 of 2nd period - Shot by Ryan McLeod.
4:10 of 2nd period - Shot Misses the Net.
4:56 of 2nd period - Shot by Rickard Rakell.
4:56 of 2nd period - Shot Blocked by Matt Irwin.
5:04 of 2nd period - Shot by Brock Nelson.
5:04 of 2nd period - Shot Misses the Net.
5:08 of 2nd period - Shot by Matthew Tkachuk.
5:08 of 2nd period - Stopped by Andrei Vasilevskiy without a rebound.
5:09 of 2nd period - Vincent Trocheck wins face-off versus Brandon Sutter in ARIZONA Coyotes zone.
6:09 of 2nd period - Brady Skjei is hit by Alec Martinez.
6:23 of 2nd period - Shot by Artemi Panarin.
6:23 of 2nd period - Stopped by Darcy Kuemper without a rebound.
6:24 of 2nd period - Mark Scheifele wins face-off versus Brock Nelson in FLORIDA Panthers zone.
6:34 of 2nd period - Off-side.
6:35 of 2nd period - Adam Henrique wins face-off versus Auston Matthews in neutral zone.
6:45 of 2nd period - Adam Henrique is hit by Mikey Anderson and loses puck.
6:52 of 2nd period - Shot by Yegor Sharangovich.
6:52 of 2nd period - Deflect By Adam Henrique.
6:52 of 2nd period - Stopped by Andrei Vasilevskiy with a rebound.
7:01 of 2nd period - Adam Henrique is hit by Scott Mayfield and loses puck.
7:40 of 2nd period - Off-side.
7:41 of 2nd period - Vincent Trocheck wins face-off versus Mark Scheifele in neutral zone.
7:46 of 2nd period - Shot by Vincent Trocheck.
7:46 of 2nd period - Shot Blocked by Rickard Rakell.
7:48 of 2nd period - Shot by Brady Skjei.
7:48 of 2nd period - Stopped by Andrei Vasilevskiy without a rebound.
7:49 of 2nd period - Steven Stamkos wins face-off versus Mark Scheifele in ARIZONA Coyotes zone.
7:56 of 2nd period - Shot by Matthew Tkachuk.
7:56 of 2nd period - Stopped by Andrei Vasilevskiy without a rebound.
7:57 of 2nd period - Mark Scheifele wins face-off versus Steven Stamkos in ARIZONA Coyotes zone.
8:41 of 2nd period - Shot by Brock Nelson.
8:41 of 2nd period - Shot Misses the Net.
9:56 of 2nd period - Icing by Mikey Anderson.
9:57 of 2nd period - Frederick Gaudreau wins face-off versus Adam Henrique in ARIZONA Coyotes zone.
9:57 of 2nd period - Frederick Gaudreau is hit by Adam Henrique.
10:17 of 2nd period - Shot by Adam Henrique.
10:17 of 2nd period - Stopped by Andrei Vasilevskiy without a rebound.
10:18 of 2nd period - Mark Scheifele wins face-off versus Steven Stamkos in ARIZONA Coyotes zone.
10:25 of 2nd period - Shot by Roman Josi.
10:25 of 2nd period - Shot Blocked by Josh Morrissey.
10:55 of 2nd period - Shot by Mark Scheifele.
10:55 of 2nd period - Shot Misses the Net.
11:10 of 2nd period - Icing by Brady Skjei.
11:11 of 2nd period - Auston Matthews wins face-off versus Steven Stamkos in FLORIDA Panthers zone.
11:16 of 2nd period - Shot by Auston Matthews.
11:16 of 2nd period - Stopped by Darcy Kuemper without a rebound.
11:17 of 2nd period - Vincent Trocheck wins face-off versus Auston Matthews in FLORIDA Panthers zone.
11:26 of 2nd period - Brandon Saad is hit by Sam Reinhart and loses puck.
11:32 of 2nd period - Ryan McDonagh is hit by Artemi Panarin and loses puck.
11:39 of 2nd period - Shot by Vincent Trocheck.
11:39 of 2nd period - Goal by Vincent Trocheck - FLORIDA Panthers : 1 - ARIZONA Coyotes : 0.
11:40 of 2nd period - Adam Henrique wins face-off versus Frederick Gaudreau in neutral zone.
11:42 of 2nd period - Eetu Luostarinen is hit by Vladislav Gavrikov and loses puck.
11:44 of 2nd period - Minor Penalty to Yegor Sharangovich for Interference.
11:45 of 2nd period - Vincent Trocheck wins face-off versus Auston Matthews in FLORIDA Panthers zone.
11:54 of 2nd period - Shot by Ryan Nugent-Hopkins.
11:54 of 2nd period - Shot Misses the Net.
11:56 of 2nd period - Shot by Ryan Nugent-Hopkins.
11:56 of 2nd period - Shot Misses the Net.
12:27 of 2nd period - Shot by Roman Josi.
12:27 of 2nd period - Shot Misses the Net.
12:42 of 2nd period - Off-side.
12:43 of 2nd period - Sam Reinhart wins face-off versus Vincent Trocheck in neutral zone.
12:48 of 2nd period - Josh Morrissey is hit by Sam Reinhart and loses puck.
13:50 of 2nd period - Shot by Pierre-Edouard Bellemare.
13:50 of 2nd period - Deflect By Morgan Frost.
13:50 of 2nd period - Shot Hit the Post.
14:04 of 2nd period - Shot by Jordan Martinook.
14:04 of 2nd period - Shot Misses the Net.
14:06 of 2nd period - Shot by Ryan McDonagh.
14:06 of 2nd period - Stopped by Andrei Vasilevskiy without a rebound.
14:07 of 2nd period - Auston Matthews wins face-off versus Adam Henrique in ARIZONA Coyotes zone.
14:15 of 2nd period - Icing by Roman Josi.
14:16 of 2nd period - Auston Matthews wins face-off versus Adam Henrique in ARIZONA Coyotes zone.
14:16 of 2nd period - Auston Matthews is hit by Adam Henrique.
14:42 of 2nd period - Shot by Auston Matthews.
14:42 of 2nd period - Shot Misses the Net.
14:44 of 2nd period - Shot by Vladislav Gavrikov.
14:44 of 2nd period - Stopped by Darcy Kuemper with a rebound.
14:52 of 2nd period - Shot by Artemi Panarin.
14:52 of 2nd period - Deflect By Auston Matthews.
14:52 of 2nd period - Stopped by Darcy Kuemper with a rebound.
14:54 of 2nd period - Shot by Artemi Panarin.
14:54 of 2nd period - Deflect By Auston Matthews.
14:54 of 2nd period - Goal by Auston Matthews - FLORIDA Panthers : 1 - ARIZONA Coyotes : 1.
14:55 of 2nd period - Mark Scheifele wins face-off versus Brock Nelson in neutral zone.
14:55 of 2nd period - Mark Scheifele is hit by Steven Stamkos.
15:10 of 2nd period - Icing by Matthew Tkachuk.
15:11 of 2nd period - Steven Stamkos wins face-off versus Frederick Gaudreau in FLORIDA Panthers zone.
15:11 of 2nd period - Steven Stamkos is hit by Ryan Hartman.
16:40 of 2nd period - Shot by Carter Verhaeghe.
16:40 of 2nd period - Stopped by Andrei Vasilevskiy without a rebound.
16:41 of 2nd period - Adam Henrique wins face-off versus Auston Matthews in ARIZONA Coyotes zone.
16:44 of 2nd period - Shot by Yegor Sharangovich.
16:44 of 2nd period - Shot Misses the Net.
18:36 of 2nd period - Icing by Derek Grant.
18:37 of 2nd period - Derek Grant wins face-off versus Frederick Gaudreau in FLORIDA Panthers zone.
18:48 of 2nd period - Shot by Michael Bunting.
18:48 of 2nd period - Shot Misses the Net.
18:54 of 2nd period - Shot by Frederick Gaudreau.
18:54 of 2nd period - Shot Misses the Net.
19:14 of 2nd period - Shot by Frederick Gaudreau.
19:14 of 2nd period - Stopped by Darcy Kuemper without a rebound.
19:15 of 2nd period - Steven Stamkos wins face-off versus Auston Matthews in FLORIDA Panthers zone.
19:40 of 2nd period - Shot by Matthew Tkachuk.
19:40 of 2nd period - Shot Misses the Net.
19:52 of 2nd period - Shot by Brock Nelson.
19:52 of 2nd period - Deflect By Matthew Tkachuk.
19:52 of 2nd period - Shot Blocked by Alec Martinez.
19:54 of 2nd period - Shot by Brock Nelson.
19:54 of 2nd period - Shot Blocked by Jonas Siegenthaler.
19:56 of 2nd period - Shot by Ryan McDonagh.
19:56 of 2nd period - Shot Misses the Net.
Goals for this period are 1 for FLORIDA Panthers vs 1 for ARIZONA Coyotes.
Shots for this period are 8 for FLORIDA Panthers vs 7 for ARIZONA Coyotes.

3rd period


0:01 of 3rd period - Steven Stamkos wins face-off versus Sam Reinhart in neutral zone.
0:24 of 3rd period - Sam Reinhart is hit by Steven Stamkos and loses puck.
0:31 of 3rd period - Shot by Matthew Tkachuk.
0:31 of 3rd period - Shot Misses the Net.
0:46 of 3rd period - Minor Penalty to Brock Nelson for Tripping.
0:47 of 3rd period - Sam Reinhart wins face-off versus Vincent Trocheck in FLORIDA Panthers zone.
1:02 of 3rd period - Shot by Ryan Hartman.
1:02 of 3rd period - Shot Blocked by Eetu Luostarinen.
1:04 of 3rd period - Shot by Michael Bunting.
1:04 of 3rd period - Stopped by Darcy Kuemper with a rebound.
1:06 of 3rd period - Shot by Sam Reinhart.
1:06 of 3rd period - Shot Blocked by Brady Skjei.
1:18 of 3rd period - Shot by Scott Mayfield.
1:18 of 3rd period - Shot Misses the Net.
1:20 of 3rd period - Shot by Ryan Hartman.
1:20 of 3rd period - Shot Misses the Net.
1:22 of 3rd period - Shot by Rickard Rakell.
1:22 of 3rd period - Stopped by Darcy Kuemper with a rebound.
1:24 of 3rd period - Shot by Scott Mayfield.
1:24 of 3rd period - Shot Blocked by Vincent Trocheck.
1:44 of 3rd period - Shot by Roman Josi.
1:44 of 3rd period - Deflect By Mark Scheifele.
1:44 of 3rd period - Stopped by Darcy Kuemper without a rebound.
1:45 of 3rd period - Vincent Trocheck wins face-off versus Auston Matthews in FLORIDA Panthers zone.
2:08 of 3rd period - Shot by Ryan Nugent-Hopkins.
2:08 of 3rd period - Shot Misses the Net.
2:10 of 3rd period - Shot by Auston Matthews.
2:10 of 3rd period - Shot Misses the Net.
2:12 of 3rd period - Shot by Ryan Nugent-Hopkins.
2:12 of 3rd period - Stopped by Darcy Kuemper without a rebound.
2:13 of 3rd period - Eetu Luostarinen wins face-off versus Sam Reinhart in FLORIDA Panthers zone.
2:28 of 3rd period - Shot by Sam Reinhart.
2:28 of 3rd period - Deflect By Ryan Hartman.
2:28 of 3rd period - Stopped by Darcy Kuemper without a rebound.
2:29 of 3rd period - Auston Matthews wins face-off versus Vincent Trocheck in FLORIDA Panthers zone.
2:49 of 3rd period - Jonas Siegenthaler is hit by Matthew Tkachuk and loses puck.
2:58 of 3rd period - Shot by Brock Nelson.
2:58 of 3rd period - Shot Misses the Net.
3:00 of 3rd period - Shot by Connor Murphy.
3:00 of 3rd period - Shot Misses the Net.
3:02 of 3rd period - Shot by Steven Stamkos.
3:02 of 3rd period - Shot Misses the Net.
3:04 of 3rd period - Shot by Connor Murphy.
3:04 of 3rd period - Stopped by Andrei Vasilevskiy without a rebound.
3:04 of 3rd period - Minor Penalty to Jonas Siegenthaler for Tripping.
3:05 of 3rd period - Steven Stamkos wins face-off versus Ryan Nugent-Hopkins in ARIZONA Coyotes zone.
3:21 of 3rd period - Josh Morrissey is hit by Vladislav Gavrikov and loses puck.
3:44 of 3rd period - Shot by Carter Verhaeghe.
3:44 of 3rd period - Stopped by Andrei Vasilevskiy without a rebound.
3:45 of 3rd period - Vincent Trocheck wins face-off versus Brandon Sutter in ARIZONA Coyotes zone.
4:00 of 3rd period - Shot by Ryan McDonagh.
4:00 of 3rd period - Shot Misses the Net.
4:02 of 3rd period - Shot by Brady Skjei.
4:02 of 3rd period - Stopped by Andrei Vasilevskiy without a rebound.
4:03 of 3rd period - Frederick Gaudreau wins face-off versus Vincent Trocheck in ARIZONA Coyotes zone.
4:18 of 3rd period - Shot by Frederick Gaudreau.
4:18 of 3rd period - Goal by Frederick Gaudreau - FLORIDA Panthers : 1 - ARIZONA Coyotes : 2.
4:19 of 3rd period - Brandon Sutter wins face-off versus Matthew Tkachuk in neutral zone.
4:30 of 3rd period - Shot by Carter Verhaeghe.
4:30 of 3rd period - Shot Misses the Net.
4:37 of 3rd period - Icing by Ryan McDonagh.
4:38 of 3rd period - Brandon Sutter wins face-off versus Steven Stamkos in FLORIDA Panthers zone.
4:39 of 3rd period - Shot by Ryan Nugent-Hopkins.
4:39 of 3rd period - Shot Misses the Net.
4:55 of 3rd period - Shot by Ryan Nugent-Hopkins.
4:55 of 3rd period - Shot Misses the Net.
5:04 of 3rd period - Ryan Nugent-Hopkins is hit by Connor Murphy and loses puck.
5:15 of 3rd period - Shot by Eetu Luostarinen.
5:15 of 3rd period - Goal by Eetu Luostarinen - FLORIDA Panthers : 2 - ARIZONA Coyotes : 2.
5:16 of 3rd period - Derek Grant wins face-off versus Auston Matthews in neutral zone.
5:19 of 3rd period - Shot by Connor Murphy.
5:19 of 3rd period - Stopped by Andrei Vasilevskiy without a rebound.
5:20 of 3rd period - Auston Matthews wins face-off versus Adam Henrique in ARIZONA Coyotes zone.
5:25 of 3rd period - Shot by Jonas Siegenthaler.
5:25 of 3rd period - Goal by Jonas Siegenthaler - FLORIDA Panthers : 2 - ARIZONA Coyotes : 3.
5:26 of 3rd period - Steven Stamkos wins face-off versus Auston Matthews in neutral zone.
5:26 of 3rd period - Steven Stamkos is hit by Auston Matthews.
5:34 of 3rd period - Shot by Brock Nelson.
5:34 of 3rd period - Stopped by Andrei Vasilevskiy without a rebound.
5:35 of 3rd period - Auston Matthews wins face-off versus Steven Stamkos in ARIZONA Coyotes zone.
5:35 of 3rd period - Artemi Panarin is hit by Matthew Tkachuk and loses puck.
5:39 of 3rd period - Minor Penalty to Matthew Tkachuk for Roughing.
5:40 of 3rd period - Auston Matthews wins face-off versus Vincent Trocheck in FLORIDA Panthers zone.
6:04 of 3rd period - Josh Morrissey is hit by Mark Scheifele and loses puck.
6:13 of 3rd period - Shot by Ryan Nugent-Hopkins.
6:13 of 3rd period - Stopped by Darcy Kuemper with a rebound.
6:16 of 3rd period - Mark Scheifele is hit by Connor Murphy and loses puck.
6:32 of 3rd period - Icing by Ryan Nugent-Hopkins.
6:33 of 3rd period - Adam Henrique wins face-off versus Auston Matthews in ARIZONA Coyotes zone.
7:08 of 3rd period - Shot by Rickard Rakell.
7:08 of 3rd period - Deflect By Ryan Hartman.
7:08 of 3rd period - Stopped by Darcy Kuemper with a rebound.
7:10 of 3rd period - Shot by Ryan Hartman.
7:10 of 3rd period - Stopped by Darcy Kuemper without a rebound.
7:11 of 3rd period - Adam Henrique wins face-off versus Sam Reinhart in FLORIDA Panthers zone.
7:30 of 3rd period - Icing by Scott Mayfield.
7:31 of 3rd period - Adam Henrique wins face-off versus Sam Reinhart in ARIZONA Coyotes zone.
7:41 of 3rd period - Ryan McLeod is hit by Jonas Siegenthaler and loses puck.
7:45 of 3rd period - Icing by Alec Martinez.
7:46 of 3rd period - Brandon Sutter wins face-off versus Adam Henrique in ARIZONA Coyotes zone.
8:05 of 3rd period - Icing by Alec Martinez.
8:06 of 3rd period - Steven Stamkos wins face-off versus Brandon Sutter in ARIZONA Coyotes zone.
8:18 of 3rd period - Off-side.
8:19 of 3rd period - Auston Matthews wins face-off versus Vincent Trocheck in neutral zone.
8:49 of 3rd period - Minor Penalty to Auston Matthews for Slashing.
8:50 of 3rd period - Brandon Sutter wins face-off versus Steven Stamkos in ARIZONA Coyotes zone.
8:56 of 3rd period - Icing by Steven Stamkos.
8:57 of 3rd period - Steven Stamkos wins face-off versus Brandon Sutter in FLORIDA Panthers zone.
10:36 of 3rd period - Shot by Dougie Hamilton.
10:36 of 3rd period - Stopped by Andrei Vasilevskiy without a rebound.
10:37 of 3rd period - Steven Stamkos wins face-off versus Frederick Gaudreau in ARIZONA Coyotes zone.
10:44 of 3rd period - Shot by Josh Morrissey.
10:44 of 3rd period - Shot Blocked by Scott Mayfield.
10:46 of 3rd period - Shot by Carter Verhaeghe.
10:46 of 3rd period - Shot Hit the Post.
10:48 of 3rd period - Shot by Steven Stamkos.
10:48 of 3rd period - Shot Hit the Post.
10:51 of 3rd period - Icing by Scott Mayfield.
10:52 of 3rd period - Auston Matthews wins face-off versus Adam Henrique in ARIZONA Coyotes zone.
12:00 of 3rd period - Shot by Michael Bunting.
12:00 of 3rd period - Stopped by Darcy Kuemper without a rebound.
12:01 of 3rd period - Mark Scheifele wins face-off versus Vincent Trocheck in FLORIDA Panthers zone.
12:07 of 3rd period - Rickard Rakell is hit by Ryan McDonagh and loses puck.
12:23 of 3rd period - Rickard Rakell is hit by Dougie Hamilton and loses puck.
12:38 of 3rd period - Shot by Rickard Rakell.
12:38 of 3rd period - Shot Blocked by Dougie Hamilton.
12:39 of 3rd period - Minor Penalty to Ryan McDonagh for High sticking.
12:40 of 3rd period - Vincent Trocheck wins face-off versus Auston Matthews in FLORIDA Panthers zone.
12:42 of 3rd period - Josh Morrissey is hit by Artemi Panarin and loses puck.
12:54 of 3rd period - Vincent Trocheck is hit by Michael Bunting and loses puck.
13:09 of 3rd period - Shot by Michael Bunting.
13:09 of 3rd period - Goal by Michael Bunting - FLORIDA Panthers : 2 - ARIZONA Coyotes : 4.
13:10 of 3rd period - Adam Henrique wins face-off versus Brandon Sutter in neutral zone.
13:33 of 3rd period - Shot by Brandon Sutter.
13:33 of 3rd period - Shot Misses the Net.
13:35 of 3rd period - Shot by Pierre-Edouard Bellemare.
13:35 of 3rd period - Stopped by Darcy Kuemper with a rebound.
13:48 of 3rd period - Morgan Frost is hit by Ryan McDonagh and loses puck.
14:14 of 3rd period - Artemi Panarin is hit by Brady Skjei.
15:04 of 3rd period - Rickard Rakell is hit by Connor Murphy and loses puck.
15:11 of 3rd period - Shot by Rickard Rakell.
15:11 of 3rd period - Deflect By Mark Scheifele.
15:11 of 3rd period - Shot Misses the Net.
15:32 of 3rd period - Off-side.
15:33 of 3rd period - Derek Grant wins face-off versus Frederick Gaudreau in neutral zone.
15:53 of 3rd period - Minor Penalty to Jonas Siegenthaler for Delaying the game.
15:54 of 3rd period - Brandon Sutter wins face-off versus Matthew Tkachuk in ARIZONA Coyotes zone.
16:19 of 3rd period - Shot by Carter Verhaeghe.
16:19 of 3rd period - Shot Misses the Net.
16:21 of 3rd period - Shot by Steven Stamkos.
16:21 of 3rd period - Shot Hit the Post.
16:23 of 3rd period - Shot by Josh Morrissey.
16:23 of 3rd period - Shot Blocked by Vladislav Gavrikov.
16:25 of 3rd period - Shot by Carter Verhaeghe.
16:25 of 3rd period - Deflect By Steven Stamkos.
16:25 of 3rd period - Stopped by Andrei Vasilevskiy without a rebound.
16:26 of 3rd period - Brandon Sutter wins face-off versus Vincent Trocheck in ARIZONA Coyotes zone.
16:26 of 3rd period - Brandon Sutter is hit by Brock Nelson.
16:42 of 3rd period - Shot by Vincent Trocheck.
16:42 of 3rd period - Shot Misses the Net.
17:08 of 3rd period - Shot by Ryan McDonagh.
17:08 of 3rd period - Shot Misses the Net.
17:56 of 3rd period - Shot by Adam Henrique.
17:56 of 3rd period - Shot Misses the Net.
18:04 of 3rd period - Shot by Adam Henrique.
18:04 of 3rd period - Shot Misses the Net.
18:06 of 3rd period - Shot by Adam Henrique.
18:06 of 3rd period - Stopped by Andrei Vasilevskiy without a rebound.
18:07 of 3rd period - Derek Grant wins face-off versus Artemi Panarin in ARIZONA Coyotes zone.
18:37 of 3rd period - Shot by Sam Reinhart.
18:37 of 3rd period - Stopped by Darcy Kuemper without a rebound.
18:38 of 3rd period - Frederick Gaudreau wins face-off versus Steven Stamkos in FLORIDA Panthers zone.
18:59 of 3rd period - Shot by Steven Stamkos.
18:59 of 3rd period - Deflect By Brock Nelson.
18:59 of 3rd period - Shot Misses the Net.
Goals for this period are 1 for FLORIDA Panthers vs 3 for ARIZONA Coyotes.
Shots for this period are 9 for FLORIDA Panthers vs 14 for ARIZONA Coyotes. Output by the SimonT Hockey Simulator (STHS) for Martin Benoit - Original Page W3C HTML5 Valid
Hockey Simulator - Hockey Simulation - Hockey Manager